TOP OF THE 1ST |
St. Louis Browns batting - Pitching for Jersey Shore D-Bags : LHP Li-xue Si-ma
|
Pitching: LHP Li-xue Si-ma
|
|
Batting: LHB Mike Hill
|
0-0: Called Strike 0-1: Ball 1-1: SINGLE (Groundball, 4MD)
|
Batting: RHB Mario Rosales
|
0-0: Ball 1-0: Swinging Strike 1-1: Ball 2-1: Called Strike 2-2: Ground out 1-3 (Groundball, 13) Mike Hill to second
|
Batting: RHB Will Brown
|
0-0: Ground out 4-3 (Groundball, 4) Mike Hill to third
|
Batting: RHB R.J. Parker
|
0-0: Ball 1-0: Ball 2-0: Swinging Strike 2-1: Foul Ball, location: 2F 2-2: Strikes out looking
|
Top of the 1st over - 0 run(s), 1 hit(s), 0 error(s), 1 left on base; St. Louis 0 - Jersey Shore 0 |
BOTTOM OF THE 1ST |
Jersey Shore D-Bags batting - Pitching for St. Louis Browns : RHP Nelson Ortega
|
Pitching: RHP Nelson Ortega
|
|
Batting: RHB Cy Keynes
|
0-0: Called Strike 0-1: Ball 1-1: Called Strike 1-2: Ball 2-2: Ball 3-2: Foul Ball, location: 2F 3-2: Strikes out looking
|
Batting: LHB Robert Phillips
|
0-0: Ball 1-0: Swinging Strike 1-1: Ball 2-1: Foul Ball, location: 2F 2-2: Foul Ball, location: 2F 2-2: Strikes out swinging
|
Batting: LHB Mike Bryant
|
0-0: Called Strike 0-1: SINGLE (Line Drive, 4MD)
|
Batting: LHB Dave Dodd
|
0-0: Ball 1-0: SINGLE (Line Drive, 9LM) Mike Bryant to second
|
Batting: RHB Owen Carter
|
0-0: 3-RUN HOME RUN (Flyball, 9D), Distance : 383 ft
|
Batting: RHB Ricardo González
|
0-0: Ground out 5-3 (Groundball, 5S)
|
Bottom of the 1st over - 3 run(s), 3 hit(s), 0 error(s), 0 left on base; St. Louis 0 - Jersey Shore 3 |
TOP OF THE 2ND |
St. Louis Browns batting - Pitching for Jersey Shore D-Bags : LHP Li-xue Si-ma
|
Batting: RHB Wilson Martínez
|
0-0: Ball 1-0: Ball 2-0: Ground out 5-3 (Groundball, 5)
|
Batting: RHB George Howard
|
0-0: Ball 1-0: Called Strike 1-1: Called Strike 1-2: Ground out 5-3 (Groundball, 5)
|
Batting: LHB Héctor Núñez
|
0-0: Swinging Strike 0-1: Swinging Strike 0-2: Ground out 4-3 (Groundball, 4M)
|
Top of the 2nd over - 0 run(s), 0 hit(s), 0 error(s), 0 left on base; St. Louis 0 - Jersey Shore 3 |
BOTTOM OF THE 2ND |
Jersey Shore D-Bags batting - Pitching for St. Louis Browns : RHP Nelson Ortega
|
Batting: RHB Yoshihide Takahashi
|
0-0: Ball 1-0: Swinging Strike 1-1: Ground out 5-3 (Groundball, 56)
|
Batting: RHB Gerardo Escobedo
|
0-0: Called Strike 0-1: SINGLE (Groundball, 34D)
|
Batting: RHB Millard Boyd
|
0-0: Called Strike 0-1: Fly out, F8 (Flyball, 8LS)
|
Batting: RHB Cy Keynes
|
0-0: Ball 1-0: Called Strike 1-1: Ball 2-1: Ball 3-1: DOUBLE (Line Drive, 8RXD) Gerardo Escobedo to third Runner from 3rd tries for Home, SAFE, no throw or cutoff
|
Batting: LHB Robert Phillips
|
0-0: Ball 1-0: Called Strike 1-1: DOUBLE (Flyball, 89XD) Cy Keynes scores
|
Batting: LHB Mike Bryant
|
0-0: Ball 1-0: Fly out, F9 (Flyball, 9M)
|
Bottom of the 2nd over - 2 run(s), 3 hit(s), 0 error(s), 1 left on base; St. Louis 0 - Jersey Shore 5 |
TOP OF THE 3RD |
St. Louis Browns batting - Pitching for Jersey Shore D-Bags : LHP Li-xue Si-ma
|
Batting: LHB Mario García
|
0-0: Fly out, F8 (Flyball, 8LXD)
|
Batting: RHB Brian Cash
|
0-0: Called Strike 0-1: Ball 1-1: Ground out 4-3 (Groundball, 4M)
|
Batting: LHB Mike Hill
|
0-0: Called Strike 0-1: Foul Ball, location: 2F 0-2: Ground out 4-3 (Groundball, 34)
|
Top of the 3rd over - 0 run(s), 0 hit(s), 0 error(s), 0 left on base; St. Louis 0 - Jersey Shore 5 |
BOTTOM OF THE 3RD |
Jersey Shore D-Bags batting - Pitching for St. Louis Browns : RHP Nelson Ortega
|
Batting: LHB Dave Dodd
|
0-0: Reached on error, E6 (Groundball, 6)
|
Batting: RHB Owen Carter
|
0-0: Called Strike 0-1: Ball 1-1: Called Strike 1-2: Strikes out looking
|
Batting: RHB Ricardo González
|
0-0: Ball 1-0: Called Strike 1-1: Foul Ball, location: 2F 1-2: Ball 2-2: Ground out 5-3 (Groundball, 5S) Dave Dodd to second
|
Batting: RHB Yoshihide Takahashi
|
0-0: Ball 1-0: Ball 2-0: Ground out 6-3 (Groundball, 6D)
|
Bottom of the 3rd over - 0 run(s), 0 hit(s), 1 error(s), 1 left on base; St. Louis 0 - Jersey Shore 5 |
TOP OF THE 4TH |
St. Louis Browns batting - Pitching for Jersey Shore D-Bags : LHP Li-xue Si-ma
|
Batting: RHB Mario Rosales
|
0-0: Swinging Strike 0-1: Fly out, F8 (Flyball, 8RD)
|
Batting: RHB Will Brown
|
0-0: SINGLE (Line Drive, 7S)
|
Batting: RHB R.J. Parker
|
0-0: Called Strike 0-1: Called Strike 0-2: Ball 1-2: Ball 2-2: Strikes out swinging
|
Batting: RHB Wilson Martínez
|
0-0: Ball 1-0: Foul Ball, location: 2F 1-1: Called Strike 1-2: Foul Ball, location: 2F 1-2: Ball 2-2: Ground out 4-3 (Groundball, 4)
|
Top of the 4th over - 0 run(s), 1 hit(s), 0 error(s), 1 left on base; St. Louis 0 - Jersey Shore 5 |
BOTTOM OF THE 4TH |
Jersey Shore D-Bags batting - Pitching for St. Louis Browns : RHP Nelson Ortega
|
Batting: RHB Gerardo Escobedo
|
0-0: Ball 1-0: Ball 2-0: Swinging Strike 2-1: Fly out, F9 (Flyball, 9M)
|
Batting: RHB Millard Boyd
|
0-0: Swinging Strike 0-1: Swinging Strike 0-2: Ground out 6-3 (Groundball, 6)
|
Batting: RHB Cy Keynes
|
0-0: Foul Ball, location: 2F 0-1: Ball 1-1: Ground out 5-3 (Groundball, 5)
|
Bottom of the 4th over - 0 run(s), 0 hit(s), 0 error(s), 0 left on base; St. Louis 0 - Jersey Shore 5 |
TOP OF THE 5TH |
St. Louis Browns batting - Pitching for Jersey Shore D-Bags : LHP Li-xue Si-ma
|
Batting: RHB George Howard
|
0-0: Ball 1-0: Ground out 4-3 (Groundball, 4)
|
Batting: LHB Héctor Núñez
|
0-0: SINGLE (Line Drive, 7S)
|
Batting: LHB Mario García
|
0-0: Called Strike 0-1: Ball 1-1: Swinging Strike 1-2: Ball 2-2: Foul Ball, location: 2F 2-2: Fly out, F7 (Flyball, 7M)
|
Batting: RHB Brian Cash
|
0-0: Ball 1-0: Fly out, F9 (Flyball, 89S)
|
Top of the 5th over - 0 run(s), 1 hit(s), 0 error(s), 1 left on base; St. Louis 0 - Jersey Shore 5 |
BOTTOM OF THE 5TH |
Jersey Shore D-Bags batting - Pitching for St. Louis Browns : RHP Nelson Ortega
|
Batting: LHB Robert Phillips
|
0-0: Ball 1-0: Ball 2-0: Swinging Strike 2-1: Foul Ball, location: 2F 2-2: Foul Ball, location: 2F 2-2: Ground out 1-3 (Groundball, 25)
|
Batting: LHB Mike Bryant
|
0-0: Swinging Strike 0-1: Foul Ball, location: 2F 0-2: Ball 1-2: Fly out, F7 (Flyball, 7S)
|
Batting: LHB Dave Dodd
|
0-0: Foul Ball, location: 2F 0-1: Foul Ball, location: 2F 0-2: Ground out 6-3 (Groundball, 56)
|
Bottom of the 5th over - 0 run(s), 0 hit(s), 0 error(s), 0 left on base; St. Louis 0 - Jersey Shore 5 |
TOP OF THE 6TH |
St. Louis Browns batting - Pitching for Jersey Shore D-Bags : LHP Li-xue Si-ma
|
Batting: LHB Mike Hill
|
0-0: Ball 1-0: Swinging Strike 1-1: Ball 2-1: DOUBLE (Flyball, 89XD)
|
Batting: RHB Mario Rosales
|
0-0: Ground out 6-3 (Groundball, 6)
|
Batting: RHB Will Brown
|
0-0: Foul Ball, location: 2F 0-1: Foul Ball, location: 2F 0-2: Ball 1-2: Ball 2-2: Ground out 6-3 (Groundball, 6)
|
Batting: RHB R.J. Parker
|
0-0: Swinging Strike 0-1: Ball 1-1: Foul Ball, location: 2F 1-2: Ball 2-2: Ball 3-2: Foul Ball, location: 2F 3-2: Base on Balls
|
Batting: RHB Wilson Martínez
|
0-0: Swinging Strike 0-1: Called Strike 0-2: Foul Ball, location: 2F 0-2: Ball 1-2: Ball 2-2: Ground out 5-3 (Groundball, 56S)
|
Top of the 6th over - 0 run(s), 1 hit(s), 0 error(s), 2 left on base; St. Louis 0 - Jersey Shore 5 |
BOTTOM OF THE 6TH |
Jersey Shore D-Bags batting - Pitching for St. Louis Browns : RHP Nelson Ortega
|
Batting: RHB Owen Carter
|
0-0: Ball 1-0: Foul Ball, location: 2F 1-1: Ball 2-1: Foul Ball, location: 2F 2-2: Ground out 6-3 (Groundball, 6)
|
Batting: RHB Ricardo González
|
0-0: Foul Ball, location: 2F 0-1: Ball 1-1: Ball 2-1: Called Strike 2-2: Ball 3-2: SINGLE (Groundball, 56) (infield hit)
|
Batting: RHB Yoshihide Takahashi
|
0-0: Called Strike 0-1: Called Strike 0-2: Ball 1-2: Ball 2-2: Ball 3-2: Ground out 5-3 (Groundball, 15S) Ricardo González to second
|
Batting: RHB Gerardo Escobedo
|
0-0: Ground out 6-3 (Groundball, 6)
|
Bottom of the 6th over - 0 run(s), 1 hit(s), 0 error(s), 1 left on base; St. Louis 0 - Jersey Shore 5 |
TOP OF THE 7TH |
St. Louis Browns batting - Pitching for Jersey Shore D-Bags : LHP Li-xue Si-ma
|
Batting: RHB George Howard
|
0-0: Ground out 3-1 (Groundball, 34)
|
Batting: LHB Héctor Núñez
|
0-0: Called Strike 0-1: Ball 1-1: Ball 2-1: Foul Ball, location: 2F 2-2: Strikes out looking
|
Batting: LHB Mario García
|
0-0: Called Strike 0-1: Ball 1-1: SINGLE (Line Drive, 9LS)
|
Batting: RHB Brian Cash
|
0-0: Ball 1-0: Called Strike 1-1: Ball 2-1: Ball 3-1: Called Strike 3-2: DOUBLE (Flyball, 89D) Mario García to third Mario García scores
|
Batting: LHB Mike Hill
|
0-0: Ball 1-0: Ground out 1-3 (Groundball, 13S)
|
Top of the 7th over - 1 run(s), 2 hit(s), 0 error(s), 1 left on base; St. Louis 1 - Jersey Shore 5 |
BOTTOM OF THE 7TH |
Jersey Shore D-Bags batting - Pitching for St. Louis Browns : RHP Nelson Ortega
|
Pitching: RHP John Allan
|
|
Batting: RHB Millard Boyd
|
0-0: Ball 1-0: Called Strike 1-1: Swinging Strike 1-2: Ball 2-2: Foul Ball, location: 2F 2-2: Foul Ball, location: 2F 2-2: Strikes out swinging
|
Batting: RHB Cy Keynes
|
0-0: Swinging Strike 0-1: Called Strike 0-2: Strikes out swinging
|
Batting: LHB Robert Phillips
|
0-0: Called Strike 0-1: Called Strike 0-2: Ball 1-2: Ball 2-2: Ball 3-2: SINGLE (Flyball, 7LS)
|
Batting: LHB Mike Bryant
|
0-0: Foul Ball, location: 2F 0-1: Ball 1-1: Ball 2-1: Ball 3-1: Fielders Choice at 2nd, U6 (Groundball, 6M)
|
Bottom of the 7th over - 0 run(s), 1 hit(s), 0 error(s), 1 left on base; St. Louis 1 - Jersey Shore 5 |
TOP OF THE 8TH |
St. Louis Browns batting - Pitching for Jersey Shore D-Bags : LHP Li-xue Si-ma
|
Pitching: LHP Hyo-chin Kim
|
|
Batting: RHB Mario Rosales
|
0-0: Foul Ball, location: 2F 0-1: Ball 1-1: Ball 2-1: Fly out, F7 (Flyball, 7LMF)
|
Batting: RHB Will Brown
|
0-0: Ball 1-0: Swinging Strike 1-1: Foul Ball, location: 2F 1-2: Ball 2-2: Foul Ball, location: 2F 2-2: Strikes out swinging
|
Batting: RHB R.J. Parker
|
0-0: SOLO HOME RUN (Flyball, 7D), Distance : 383 ft
|
Batting: RHB Wilson Martínez
|
0-0: Called Strike 0-1: Ball 1-1: Swinging Strike 1-2: Ball 2-2: Foul Ball, location: 2F 2-2: Strikes out swinging
|
Top of the 8th over - 1 run(s), 1 hit(s), 0 error(s), 0 left on base; St. Louis 2 - Jersey Shore 5 |
BOTTOM OF THE 8TH |
Jersey Shore D-Bags batting - Pitching for St. Louis Browns : RHP John Allan
|
Batting: LHB Dave Dodd
|
0-0: Ball 1-0: Ball 2-0: Ball 3-0: Called Strike 3-1: Base on Balls
|
Batting: RHB Owen Carter
|
0-0: Called Strike 0-1: Ball 1-1: Foul Ball, location: 2F 1-2: Ball 2-2: Ball 3-2: SINGLE (Groundball, 34S) Dave Dodd to second Dave Dodd to third
|
Pitching: RHP Beau Brown
|
|
Batting: RHB Ricardo González
|
0-0: Called Strike 0-1: Ball 1-1: Ground out 5-3 (Groundball, 56) Owen Carter to second
|
Batting: RHB Yoshihide Takahashi
|
0-0: Intentional Walk
|
Pinch Hitting: LHB Pat Zimmerman
|
0-0: Fielders Choice at 2nd, U4 (Groundball, 4M) Dave Dodd scores Owen Carter to third
|
Batting: RHB Millard Boyd
|
0-0: Called Strike 0-1: Fielders Choice at 2nd, U6 (Groundball, 6M)
|
Bottom of the 8th over - 1 run(s), 1 hit(s), 0 error(s), 2 left on base; St. Louis 2 - Jersey Shore 6 |
TOP OF THE 9TH |
St. Louis Browns batting - Pitching for Jersey Shore D-Bags : LHP Hyo-chin Kim
|
Now at 3B: William Martel
|
|
Batting: RHB George Howard
|
0-0: Fly out, F1 (Popup, 13S)
|
Batting: LHB Héctor Núñez
|
0-0: Ball 1-0: Foul Ball, location: 2F 1-1: Ball 2-1: Fly out, F5 (Line Drive, 56)
|
Batting: LHB Mario García
|
0-0: Ball 1-0: Ball 2-0: Ground out U3 (Groundball, 3L)
|
Top of the 9th over - 0 run(s), 0 hit(s), 0 error(s), 0 left on base; St. Louis 2 - Jersey Shore 6 |
|